 Dungeon Crawl Stone Soup version 0.31-a0-851-g7ff8af7976 (webtiles) character file.

Game seed: 10700277073661573338

1 Kurtz the Sneak (level 1, -3/18 HPs)
             Began as a Mummy Delver on Oct 6, 2023.
             Slain by an ogre
             ... wielding a +0 giant club
              (21 damage)
             ... on level 4 of the Dungeon.
             The game lasted 00:00:06 (149 turns).

Kurtz the Sneak (Mummy Delver)                       Turns: 149, Time: 00:00:07

Health: -3/18      AC:  3    Str: 15    XL:     1   Next: 16%
Magic:  1/1        EV: 11    Int:  9    God:
Gold:   6          SH:  0    Dex: 13    Spells: 0/0 levels left

rFire   x . .        a - +0 hand axe
rCold   + . .        (no shield)
rNeg    + + +        b - +0 leather armour
rPois   ∞            (no helmet)
rElec   .            (no cloak)
rCorr   .            (no gloves)
SInv    .            (no boots)
Will    .....        (no amulet)
Stlth   ++           (no ring)
HPRegen 0.23/turn    (no ring)
MPRegen 0.07/turn

%: faith
@: no status effects
A: cold resistance 1, negative energy resistance 3, torment resistance 2, heat
vulnerability 1, in touch with death 1, no potions, faith
a: no special abilities


You were on level 4 of the Dungeon.
You visited 1 branch of the dungeon, and saw 2 of its levels.

You collected 6 gold pieces.

Inventory:

Hand Weapons
 a - a +0 hand axe (weapon)
Missiles
 g - 5 poisoned darts
Armour
 b - a +0 leather armour (worn)
Wands
 f - a wand of digging (3)
 h - a wand of polymorph (10)
Scrolls
 c - a scroll of fog
 d - a scroll of revelation
 e - a scroll of fear
 i - a scroll of immolation {unknown}
 j - a scroll of noise {unknown}


   Skills:
 - Level 3.0 Fighting
 * Level 1.7 Axes
 - Level 1.5 Dodging
 - Level 4.1 Stealth


You couldn't memorise any spells.
You didn't know any spells.
Your spell library was empty.

Dungeon Overview and Level Annotations

Branches:
Dungeon (5/15)
 Temple: D:4-7

Altars:


Innate Abilities, Weirdness & Mutations

You are immune to poison.
Your flesh is cold resistant. (rC+)
You are immune to negative energy. (rN+++)
You are immune to unholy pain and torment.
You are vulnerable to heat. (rF-)
You are in touch with the powers of death.
You do not drink.
You have a special connection with the divine. (Faith)


Message History

Press ? for a list of commands and other information.
Found a glowing dagger, 5 poisoned darts, a bronze wand and 2 gold pieces.
Found a stone staircase leading down and a stone staircase leading up.
You see here 5 poisoned darts.
g - 5 poisoned darts You hear a distant slurping noise.
h - a wand of polymorph (10)
There is a stone staircase leading up here.
You climb upwards.
There is a stone staircase leading down here.
Found a whip.
No target in view!
You see here a +0 whip.
A ball python comes into view.
A ball python is nearby!
The ball python hisses angrily.
You closely miss the ball python. The ball python bites you.
The ball python grabs you. The ball python constricts you.
The ball python closely misses you. The ball python constricts you.
You closely miss the ball python. The ball python bites you.
The ball python constricts you.
You hit the ball python.
You kill the ball python!
No target in view!
HP restored.
You now have 6 gold pieces.
i - a scroll labelled DEUCEF CIJEOPE No target in view!
j - a scroll labelled QUJEVV ACYARCH No target in view!
No target in view!
An ogre comes into view. It is wielding a +0 giant club.
You see here 17 gold pieces.
Found an escape hatch in the floor.
The ogre hits you but does no damage.
You hit the ogre.
The ogre is lightly wounded.
The ogre hits you with a +0 giant club!!
Ouch! That really hurt!
You die...

#. #. #. # ##.# .#
##...## ###.#########
###...O.###.......>....#
.......@>..#.#.#######.#
.##.....###.##.####.....
##....$...........##.#
##.#......#.#### ##.#
.....###..#.# #..#
###..........# #)##
#.#####..### ###.## #.#
#..# #..... #.#
#..######.###.


You could see an ogre.

Vanquished Creatures
  A ball python (D:4)
1 creature vanquished.

Notes
Turn   | Place    | Note
-------+----------+-------------------------------------------
     0 | D:5      | Kurtz the Mummy Delver began the quest for the Orb.
     0 | D:5      | Reached XP level 1. HP: 18/18 MP: 1/1
   146 | D:4      | Noticed an ogre
   149 | D:4      | Slain by an ogre

Illustrated notes

Levels and vault maps discovered:
D:4:      layout_loops_ring, minmay_bent
D:5:      layout_gridville, mainiacjoe_overflow_surrounded_room,
          minmay_temple_entry_junction_2

Action                     || total
---------------------------++-------
  Melee: Hand axe          ||     4
 Armour: Leather armour    ||     4
  Dodge: Dodged            ||     1

Table legend: (Time is in decaauts)
 A = Elapsed time spent in this place.
 B = Non-inter-level travel time spent in this place.
 C = Inter-level travel time spent in this place.
 D = Time resting spent in this place.
 E = Time spent auto-exploring this place.
 F = Levels seen in this place.
 G = Mean time per level.
                   A        B        C        D        E       F      G
               +--------+--------+--------+--------+--------+-----+--------+
         Total |    149 |    149 |      0 |      0 |    119 |   2 |   74.5 |
       Dungeon |    149 |    149 |      0 |      0 |    119 |   2 |   74.5 |
               +--------+--------+--------+--------+--------+-----+--------+

Top non-repeatable levels by time:
     D:4: 132 daAuts
     D:5: 17 daAuts
